[ PARTIDA AOE2 · #477416664 ]
UnrankedChinos vs Bohemians
[ ANÁLISIS DE REPETICIÓN · EXTRAÍDO DE LA PARTIDA GRABADA ]
Feudal
14:38
Castillos
24:54
Imperial
38:22
| APM promedio | 21.4 |
| APM pico | 83 |
| eAPM promedio | 15.2 |
| Aldeanos / militares | 184 / 208 |
Foco
⚔️ 23.9% · 🌾 76.1%
Chu Ko Nu ×112 · Scout Cavalry ×36 · Trade Cart ×22 · Skirmisher ×14 · Militia ×11 · Spearman ×11
Feudal
—
Castillos
—
Imperial
—
| APM promedio | 21.9 |
| APM pico | 99 |
| eAPM promedio | 17.8 |
| Aldeanos / militares | 122 / 385 |
Foco
⚔️ 54.8% · 🌾 45.2%
Spearman ×285 · Skirmisher ×67 · Bombard Cannon ×31 · Trade Cart ×12 · Monk ×2
Feudal
10:40
Castillos
23:50
Imperial
33:50
| APM promedio | 20.1 |
| APM pico | 79 |
| eAPM promedio | 13.7 |
| Aldeanos / militares | 108 / 408 |
Foco
⚔️ 26.0% · 🌾 74.0%
Gbeto ×396 · Trebuchet (Packed) ×8 · Monk ×4
Feudal
—
Castillos
—
Imperial
—
| APM promedio | 22.5 |
| APM pico | 69 |
| eAPM promedio | 15.2 |
| Aldeanos / militares | 98 / 213 |
Foco
⚔️ 40.8% · 🌾 59.2%
Battle Elephant ×144 · Rattan Archer ×42 · Fire Lancer ×22 · Trade Cart ×8 · Archer ×2 · Spearman ×2
Feudal
9:44
Castillos
15:25
Imperial
37:47
| APM promedio | 18.8 |
| APM pico | 46 |
| eAPM promedio | 14.4 |
| Aldeanos / militares | 120 / 352 |
Foco
⚔️ 31.5% · 🌾 68.5%
Jaguar Warrior ×178 · Eagle Scout ×163 · Battering Ram ×11 · Trade Cart ×8
Feudal
—
Castillos
—
Imperial
—
| APM promedio | 8.6 |
| APM pico | 35 |
| eAPM promedio | 7.9 |
| Aldeanos / militares | 103 / 160 |
Foco
⚔️ 42.3% · 🌾 57.7%
Knight ×45 · Spearman ×41 · Skirmisher ×25 · Chu Ko Nu ×23 · Militia ×18 · Trade Cart ×11
Mapa de la partida
Recursos iniciales + cada clic de construcción. Líneas = muros · curvas = relieve. ◆ oro · ⬟ piedra · ● bayas · ✦ reliquia · ◌ hueco del cierre
Tu base· ✓ Cerrada en 24:54 · 43t muro · 3 puerta(s)
Base de MatiasBernal758· ✓ Cerrada en 19:18 · 41t muro · 3 puerta(s)
Base de elpinkrabbit· ✓ Cerrada en 23:50 · 0t muro · 4 puerta(s)
Base de Drogosaurio289· ✓ Cerrada en 22:20 · 0t muro · 3 puerta(s)
Base de nor871· ✓ Cerrada en 15:25 · 0t muro · 3 puerta(s)
Base de ValenBernal6407· ✓ Cerrada en 22:38 · 45t muro · 6 puerta(s)
Terreno inicial suavizado · ◌ = hueco del cierre detectado · pasá el cursor para detalles
Inputs por minuto
— dhc2689 - - MatiasBernal758
Build order — dhc2689
Primeras 150 de 426 acciones detectadas
| 0:21 | Investigar | Loom |
| 0:55 | Crear | Villager (Male) |
| 1:28 | Crear | Villager (Male) |
| 1:28 | Crear | Villager (Male) |
| 2:10 | Crear | Villager (Male) |
| 2:11 | Crear | Villager (Male) |
| 2:19 | Crear | Villager (Male) |
| 3:01 | Crear | Villager (Male) |
| 3:01 | Crear | Villager (Male) |
| 3:07 | Crear | Villager (Male) |
| 3:08 | Crear | Villager (Male) |
| 3:24 | Construir | House |
| 3:27 | Construir | House |
| 3:28 | Construir | House |
| 3:29 | Construir | House |
| 3:30 | Construir | House |
| 4:09 | Crear | Villager (Male) |
| 4:09 | Crear | Villager (Male) |
| 4:10 | Crear | Villager (Male) |
| 4:10 | Crear | Villager (Male) |
| 5:06 | Crear | Villager (Male) |
| 5:34 | Crear | Villager (Male) |
| 5:55 | Construir | Mill |
| 6:12 | Crear | Villager (Male) |
| 6:26 | Construir | Lumber Camp |
| 6:49 | Crear | Villager (Male) |
| 6:49 | Crear | Villager (Male) |
| 6:49 | Crear | Villager (Male) |
| 7:35 | Crear | Villager (Male) |
| 7:46 | Crear | Villager (Male) |
| 8:33 | Crear | Villager (Male) |
| 8:33 | Crear | Villager (Male) |
| 8:33 | Crear | Villager (Male) |
| 9:36 | Crear | Villager (Male) |
| 9:54 | Construir | Mining Camp |
| 9:56 | Crear | Villager (Male) |
| 9:56 | Crear | Villager (Male) |
| 9:57 | Crear | Villager (Male) |
| 11:07 | Crear | Villager (Male) |
| 11:17 | Crear | Villager (Male) |
| 11:38 | Crear | Villager (Male) |
| 11:40 | Crear | Villager (Male) |
| 11:42 | Crear | Villager (Male) |
| 11:45 | Crear | Villager (Male) |
| 11:47 | Crear | Villager (Male) |
| 12:28 | Investigar | Feudal Age |
| 12:28 | Investigar | Feudal Age |
| 14:05 | Construir | Mining Camp |
| 14:08 | Crear | Villager (Male) |
| 14:09 | Crear | Villager (Male) |
| 14:18 | Construir | Mining Camp |
| 14:38 | Edad | Edad Feudal |
| 14:39 | Construir | Mining Camp |
| 14:42 | Investigar | Wheelbarrow |
| 14:43 | Investigar | Town Watch |
| 14:48 | Investigar | Double-Bit Axe |
| 14:50 | Investigar | Gold Mining |
| 14:53 | Investigar | Stone Mining |
| 15:10 | Investigar | Horse Collar |
| 15:53 | Construir | Farm |
| 15:55 | Construir | Farm |
| 15:57 | Construir | Farm |
| 15:58 | Construir | Farm |
| 15:59 | Construir | Farm |
| 16:00 | Construir | Farm |
| 16:01 | Construir | Farm |
| 16:02 | Construir | Farm |
| 16:05 | Construir | Farm |
| 16:06 | Construir | Farm |
| 16:09 | Construir | Farm |
| 16:10 | Construir | Farm |
| 16:11 | Construir | Farm |
| 16:33 | Crear | Villager (Male) |
| 16:33 | Crear | Villager (Male) |
| 16:34 | Crear | Villager (Male) |
| 17:11 | Crear | Villager (Male) |
| 17:13 | Crear | Villager (Male) |
| 17:36 | Crear | Villager (Male) |
| 18:00 | Crear | Villager (Male) |
| 18:00 | Crear | Villager (Male) |
| 18:13 | Construir | Stone Wall |
| 18:33 | Construir | Farm |
| 18:37 | Crear | Villager (Male) |
| 18:39 | Crear | Villager (Male) |
| 18:42 | Crear | Villager (Male) |
| 18:45 | Crear | Villager (Male) |
| 18:49 | Crear | Villager (Male) |
| 18:49 | Crear | Villager (Male) |
| 18:58 | Crear | Villager (Male) |
| 19:07 | Crear | Villager (Male) |
| 19:08 | Crear | Villager (Male) |
| 19:08 | Crear | Villager (Male) |
| 19:09 | Crear | Villager (Male) |
| 19:09 | Crear | Villager (Male) |
| 19:22 | Construir | House |
| 19:23 | Construir | House |
| 19:24 | Construir | House |
| 19:27 | Construir | House |
| 19:28 | Construir | House |
| 19:29 | Construir | House |
| 19:31 | Construir | House |
| 19:33 | Construir | House |
| 19:47 | Construir | Farm |
| 19:58 | Construir | Stone Wall |
| 20:26 | Construir | Barracks |
| 20:31 | Construir | Market |
| 20:36 | Construir | Blacksmith |
| 21:01 | Construir | Farm |
| 21:07 | Construir | Farm |
| 21:12 | Crear | Villager (Male) |
| 21:12 | Crear | Villager (Male) |
| 21:23 | Construir | Farm |
| 21:36 | Construir | Stone Wall |
| 21:40 | Construir | Stone Wall |
| 21:48 | Crear | Villager (Male) |
| 22:10 | Construir | Farm |
| 22:14 | Investigar | Castle Age |
| 22:15 | Investigar | Castle Age |
| 22:21 | Construir | Lumber Camp |
| 22:43 | Construir | Mining Camp |
| 22:46 | Investigar | Man-at-Arms (upgrade) |
| 22:47 | Investigar | Arson |
| 22:48 | Crear | Spearman |
| 22:48 | Crear | Spearman |
| 22:48 | Crear | Spearman |
| 22:51 | Investigar | Forging |
| 23:43 | Investigar | Scale Mail Armor |
| 23:44 | Investigar | Padded Archer Armor |
| 23:44 | Investigar | Fletching |
| 23:45 | Investigar | Fletching |
| 24:30 | Investigar | Scale Barding Armor |
| 24:50 | Construir | Archery Range |
| 24:52 | Construir | Stable |
| 24:54 | Edad | Edad de los Castillos |
| 24:56 | Construir | Barracks |
| 25:05 | Construir | Barracks |
| 25:16 | Investigar | Hand Cart |
| 25:16 | Investigar | Hand Cart |
| 25:16 | Investigar | Town Patrol |
| 25:17 | Investigar | Town Patrol |
| 25:34 | Investigar | Heavy Plow |
| 25:38 | Crear | Villager (Male) |
| 25:38 | Crear | Villager (Male) |
| 26:24 | Construir | Town Center |
| 26:28 | Investigar | Bow Saw |
| 27:01 | Investigar | Gold Shaft Mining |
| 27:06 | Crear | Villager (Male) ×5 |
| 27:06 | Crear | Villager (Male) ×5 |
| 27:06 | Crear | Villager (Male) ×2 |
| 27:41 | Construir | Castle |
Build order — MatiasBernal758
Primeras 150 de 678 acciones detectadas
| 0:15 | Construir | House |
| 0:16 | Construir | House |
| 0:17 | Construir | House |
| 0:18 | Construir | House |
| 1:30 | Investigar | Loom |
| 1:31 | Crear | Villager (Male) |
| 1:31 | Crear | Villager (Male) |
| 1:32 | Crear | Villager (Male) |
| 1:32 | Crear | Villager (Male) |
| 1:32 | Crear | Villager (Male) |
| 2:38 | Construir | House |
| 2:39 | Construir | House |
| 3:15 | Crear | Villager (Male) |
| 3:15 | Crear | Villager (Male) |
| 3:31 | Construir | Lumber Camp |
| 3:53 | Crear | Villager (Male) |
| 4:13 | Crear | Villager (Male) |
| 4:42 | Crear | Villager (Male) |
| 5:19 | Crear | Villager (Male) |
| 5:50 | Crear | Villager (Male) |
| 5:50 | Crear | Villager (Male) |
| 5:50 | Crear | Villager (Male) |
| 6:41 | Construir | Mill |
| 6:44 | Crear | Villager (Male) |
| 6:44 | Crear | Villager (Male) |
| 6:45 | Crear | Villager (Male) |
| 6:45 | Crear | Villager (Male) |
| 6:57 | Crear | Villager (Male) |
| 8:03 | Crear | Villager (Male) |
| 8:03 | Crear | Villager (Male) |
| 9:14 | Crear | Villager (Male) |
| 9:43 | Crear | Villager (Male) |
| 10:01 | Investigar | Feudal Age |
| 10:15 | Construir | Mining Camp |
| 10:54 | Crear | Villager (Male) |
| 10:54 | Crear | Villager (Male) |
| 11:24 | Construir | Mining Camp |
| 12:15 | Crear | Villager (Male) |
| 12:15 | Crear | Villager (Male) |
| 12:38 | Construir | Stone Wall |
| 12:50 | Construir | Stone Wall |
| 13:01 | Construir | Stone Wall |
| 13:24 | Investigar | Double-Bit Axe |
| 14:14 | Construir | Gate |
| 14:38 | Crear | Villager (Male) |
| 16:42 | Construir | Market |
| 16:47 | Construir | Blacksmith |
| 17:56 | Construir | Farm |
| 17:58 | Construir | Farm |
| 17:59 | Construir | Farm |
| 18:00 | Construir | Farm |
| 18:02 | Construir | Farm |
| 18:04 | Construir | Farm |
| 18:05 | Construir | Farm |
| 18:08 | Construir | Farm |
| 18:12 | Investigar | Horse Collar |
| 18:56 | Construir | Farm |
| 19:03 | Construir | Farm |
| 19:04 | Construir | Farm |
| 19:05 | Construir | Farm |
| 19:18 | Investigar | Castle Age |
| 19:27 | Construir | Barracks |
| 19:54 | Construir | House |
| 19:55 | Construir | House |
| 19:58 | Construir | House |
| 19:59 | Construir | House |
| 20:00 | Construir | House |
| 20:02 | Construir | House |
| 20:03 | Construir | House |
| 20:11 | Investigar | Town Watch |
| 20:40 | Crear | Trade Cart |
| 21:12 | Crear | Villager (Male) |
| 21:12 | Crear | Villager (Male) |
| 21:13 | Crear | Villager (Male) |
| 21:54 | Crear | Villager (Male) |
| 21:54 | Crear | Villager (Male) |
| 22:09 | Construir | Castle |
| 22:32 | Construir | Town Center |
| 22:59 | Investigar | Bow Saw |
| 23:25 | Crear | Trade Cart |
| 23:39 | Crear | Villager (Male) |
| 24:58 | Construir | Town Center |
| 25:01 | Crear | Villager (Male) |
| 25:01 | Crear | Villager (Male) |
| 25:02 | Crear | Villager (Male) |
| 25:07 | Crear | Villager (Male) |
| 25:07 | Crear | Villager (Male) |
| 25:07 | Crear | Villager (Male) |
| 25:08 | Crear | Villager (Male) |
| 25:30 | Construir | Barracks |
| 25:48 | Crear | Villager (Male) |
| 26:11 | Construir | Town Center |
| 26:17 | Crear | Villager (Male) |
| 26:17 | Crear | Villager (Male) |
| 26:23 | Crear | Villager (Male) |
| 26:29 | Crear | Villager (Male) |
| 26:29 | Crear | Villager (Male) |
| 26:30 | Crear | Villager (Male) |
| 26:51 | Construir | Barracks |
| 26:57 | Crear | Trade Cart |
| 27:00 | Investigar | Caravan |
| 27:36 | Crear | Villager (Male) |
| 27:36 | Crear | Villager (Male) |
| 27:36 | Crear | Villager (Male) |
| 27:37 | Crear | Villager (Male) |
| 27:37 | Crear | Villager (Male) |
| 27:57 | Crear | Villager (Male) |
| 27:57 | Crear | Villager (Male) |
| 27:58 | Crear | Villager (Male) |
| 28:07 | Construir | Siege Workshop |
| 28:15 | Construir | Siege Workshop |
| 28:39 | Construir | Farm |
| 28:41 | Construir | Farm |
| 28:42 | Construir | Farm |
| 28:46 | Crear | Villager (Male) |
| 28:46 | Crear | Villager (Male) |
| 28:46 | Crear | Villager (Male) |
| 28:46 | Crear | Villager (Male) |
| 28:47 | Crear | Villager (Male) |
| 28:55 | Construir | Farm |
| 28:58 | Construir | Farm |
| 29:00 | Construir | Farm |
| 29:04 | Crear | Villager (Male) |
| 29:19 | Construir | Farm |
| 29:28 | Crear | Villager (Male) |
| 29:28 | Crear | Villager (Male) |
| 29:28 | Crear | Villager (Male) |
| 29:34 | Construir | Farm |
| 29:36 | Construir | Farm |
| 29:48 | Construir | Mining Camp |
| 29:52 | Crear | Villager (Male) |
| 29:52 | Crear | Villager (Male) |
| 29:56 | Construir | Farm |
| 29:58 | Construir | Farm |
| 30:03 | Crear | Villager (Male) |
| 30:04 | Crear | Villager (Male) |
| 30:04 | Crear | Villager (Male) |
| 30:15 | Construir | Siege Workshop |
| 30:20 | Construir | Farm |
| 30:21 | Construir | Farm |
| 30:22 | Construir | Farm |
| 30:25 | Crear | Villager (Male) |
| 30:25 | Crear | Villager (Male) |
| 30:25 | Crear | Villager (Male) |
| 30:26 | Crear | Villager (Male) |
| 30:32 | Construir | Farm |
| 30:35 | Construir | Farm |
| 30:51 | Construir | House |
| 30:52 | Construir | House |
| 30:53 | Construir | House |
Build order — elpinkrabbit
Primeras 150 de 382 acciones detectadas
| 0:03 | Crear | Villager (Male) |
| 0:04 | Crear | Villager (Male) |
| 0:04 | Crear | Villager (Male) |
| 0:04 | Crear | Villager (Male) |
| 0:05 | Construir | House |
| 0:07 | Construir | House |
| 1:28 | Crear | Villager (Male) |
| 1:59 | Crear | Villager (Male) |
| 2:39 | Crear | Villager (Male) |
| 2:56 | Crear | Villager (Male) |
| 3:20 | Crear | Villager (Male) |
| 3:34 | Construir | Mill |
| 4:00 | Construir | Lumber Camp |
| 4:19 | Crear | Villager (Male) |
| 4:20 | Crear | Villager (Male) |
| 4:22 | Crear | Villager (Male) |
| 4:28 | Construir | House |
| 5:34 | Crear | Villager (Male) |
| 5:37 | Crear | Villager (Male) |
| 6:05 | Crear | Villager (Male) |
| 6:22 | Crear | Villager (Male) |
| 6:59 | Crear | Villager (Male) |
| 7:05 | Construir | House |
| 7:08 | Investigar | Loom |
| 7:32 | Crear | Villager (Male) |
| 7:41 | Construir | House |
| 7:45 | Construir | House |
| 7:48 | Construir | House |
| 8:05 | Crear | Villager (Male) |
| 8:28 | Investigar | Feudal Age |
| 9:11 | Construir | Mining Camp |
| 9:31 | Crear | Villager (Male) |
| 10:33 | Crear | Villager (Male) |
| 10:40 | Edad | Edad Feudal |
| 10:41 | Construir | Mill |
| 11:08 | Investigar | Wheelbarrow |
| 11:12 | Investigar | Double-Bit Axe |
| 11:25 | Construir | Mining Camp |
| 11:42 | Crear | Villager (Male) |
| 12:32 | Construir | Lumber Camp |
| 13:15 | Construir | House |
| 13:18 | Construir | House |
| 13:22 | Construir | House |
| 13:23 | Construir | House |
| 13:26 | Crear | Villager (Male) |
| 13:27 | Crear | Villager (Male) |
| 13:48 | Construir | Farm |
| 13:52 | Crear | Villager (Male) |
| 14:13 | Construir | Farm |
| 14:21 | Investigar | Gold Mining |
| 14:25 | Investigar | Stone Mining |
| 14:37 | Investigar | Horse Collar |
| 14:39 | Crear | Villager (Male) |
| 14:40 | Crear | Villager (Male) |
| 14:46 | Investigar | Town Watch |
| 14:52 | Construir | Farm |
| 14:52 | Construir | Farm |
| 15:15 | Construir | Farm |
| 15:19 | Construir | House |
| 15:22 | Construir | House |
| 15:31 | Crear | Villager (Male) |
| 15:50 | Construir | Farm |
| 15:50 | Construir | Farm |
| 16:20 | Construir | House |
| 16:24 | Construir | House |
| 16:29 | Crear | Villager (Male) |
| 16:30 | Crear | Villager (Male) |
| 16:39 | Construir | Farm |
| 16:39 | Construir | Farm |
| 16:46 | Construir | Farm |
| 17:02 | Construir | Farm |
| 17:09 | Construir | Farm |
| 17:12 | Crear | Villager (Male) |
| 17:18 | Construir | Farm |
| 17:32 | Construir | Farm |
| 17:36 | Crear | Villager (Male) |
| 17:48 | Construir | Farm |
| 18:20 | Crear | Villager (Male) |
| 18:22 | Crear | Villager (Male) |
| 18:52 | Crear | Villager (Male) |
| 19:01 | Construir | Farm |
| 19:02 | Construir | Farm |
| 19:09 | Construir | Farm |
| 19:14 | Crear | Villager (Male) |
| 19:22 | Construir | Farm |
| 19:23 | Construir | Farm |
| 19:37 | Construir | Farm |
| 19:38 | Construir | Farm |
| 19:50 | Construir | Farm |
| 20:12 | Construir | Blacksmith |
| 20:16 | Construir | Market |
| 20:26 | Construir | Barracks |
| 20:33 | Crear | Villager (Male) |
| 20:34 | Crear | Villager (Male) |
| 20:35 | Crear | Villager (Male) |
| 21:09 | Investigar | Castle Age |
| 22:26 | Crear | Villager (Male) |
| 22:39 | Construir | Lumber Camp |
| 23:50 | Edad | Edad de los Castillos |
| 24:05 | Construir | Town Center |
| 24:29 | Construir | Town Center |
| 24:33 | Crear | Villager (Male) |
| 24:34 | Crear | Villager (Male) |
| 25:12 | Crear | Villager (Male) |
| 25:13 | Crear | Villager (Male) |
| 25:31 | Crear | Villager (Male) |
| 25:32 | Crear | Villager (Male) |
| 25:32 | Crear | Villager (Male) |
| 25:46 | Crear | Villager (Male) |
| 26:22 | Crear | Villager (Male) |
| 26:23 | Crear | Villager (Male) |
| 26:24 | Crear | Villager (Male) |
| 26:26 | Crear | Villager (Male) |
| 26:52 | Investigar | Hand Cart |
| 26:55 | Crear | Villager (Male) |
| 26:56 | Crear | Villager (Male) |
| 27:10 | Investigar | Bow Saw |
| 27:16 | Investigar | Heavy Plow |
| 27:19 | Investigar | Gold Shaft Mining |
| 27:20 | Investigar | Stone Shaft Mining |
| 27:31 | Investigar | Town Patrol |
| 27:32 | Crear | Villager (Male) |
| 27:35 | Crear | Villager (Male) |
| 27:36 | Crear | Villager (Male) |
| 27:37 | Crear | Villager (Male) |
| 27:38 | Crear | Villager (Male) |
| 28:03 | Construir | Farm |
| 28:04 | Construir | Farm |
| 28:05 | Construir | Farm |
| 28:07 | Construir | Farm |
| 28:09 | Crear | Villager (Male) |
| 28:11 | Crear | Villager (Male) |
| 28:38 | Construir | Castle |
| 28:43 | Construir | Mining Camp |
| 28:48 | Crear | Villager (Male) |
| 28:49 | Crear | Villager (Male) |
| 28:50 | Crear | Villager (Male) |
| 28:52 | Crear | Villager (Male) |
| 28:52 | Crear | Villager (Male) |
| 28:54 | Crear | Villager (Male) |
| 28:54 | Crear | Villager (Male) |
| 28:56 | Crear | Villager (Male) |
| 28:56 | Crear | Villager (Male) |
| 28:58 | Crear | Villager (Male) |
| 28:59 | Crear | Villager (Male) |
| 29:00 | Crear | Villager (Male) |
| 29:00 | Crear | Villager (Male) |
| 29:02 | Crear | Villager (Male) |
| 29:02 | Crear | Villager (Male) |
| 29:03 | Crear | Villager (Male) |
Build order — Drogosaurio289
Primeras 150 de 472 acciones detectadas
| 0:29 | Construir | House |
| 0:36 | Crear | Villager (Male) |
| 0:36 | Crear | Villager (Male) |
| 0:37 | Crear | Villager (Male) |
| 0:37 | Crear | Villager (Male) |
| 1:42 | Construir | House |
| 1:43 | Construir | House |
| 1:44 | Construir | House |
| 2:03 | Crear | Villager (Male) |
| 2:51 | Crear | Villager (Male) |
| 3:09 | Construir | House |
| 3:18 | Construir | House |
| 3:19 | Construir | House |
| 3:36 | Crear | Villager (Male) |
| 4:07 | Crear | Villager (Male) |
| 4:44 | Crear | Villager (Male) |
| 5:14 | Crear | Villager (Male) |
| 5:22 | Construir | House |
| 5:24 | Construir | House |
| 5:30 | Construir | House |
| 6:05 | Crear | Villager (Male) |
| 6:06 | Crear | Villager (Male) |
| 6:39 | Crear | Villager (Male) |
| 7:32 | Crear | Villager (Male) |
| 7:33 | Crear | Villager (Male) |
| 8:06 | Construir | Lumber Camp |
| 8:15 | Crear | Villager (Male) |
| 9:01 | Construir | Mill |
| 9:02 | Crear | Villager (Male) |
| 9:03 | Crear | Villager (Male) |
| 9:55 | Crear | Villager (Male) |
| 9:55 | Crear | Villager (Male) |
| 10:01 | Crear | Villager (Male) |
| 11:16 | Investigar | Feudal Age |
| 11:59 | Construir | Barracks |
| 12:01 | Construir | Barracks |
| 13:31 | Crear | Villager (Male) |
| 13:31 | Crear | Villager (Male) |
| 13:35 | Investigar | Wheelbarrow |
| 13:36 | Investigar | Double-Bit Axe |
| 13:39 | Investigar | Horse Collar |
| 14:08 | Construir | Farm |
| 14:08 | Construir | Farm |
| 14:09 | Construir | Farm |
| 14:10 | Construir | Farm |
| 14:22 | Crear | Villager (Male) |
| 14:22 | Crear | Villager (Male) |
| 14:23 | Crear | Villager (Male) |
| 14:25 | Crear | Villager (Male) |
| 14:47 | Construir | Blacksmith |
| 14:53 | Crear | Spearman |
| 14:54 | Crear | Spearman |
| 15:03 | Construir | Mining Camp |
| 15:06 | Crear | Villager (Male) |
| 15:24 | Construir | Farm |
| 15:38 | Construir | Farm |
| 15:38 | Construir | Farm |
| 15:38 | Construir | Farm |
| 15:57 | Crear | Villager (Male) |
| 16:58 | Crear | Villager (Male) |
| 16:59 | Crear | Villager (Male) |
| 17:08 | Crear | Villager (Male) |
| 17:10 | Crear | Villager (Male) |
| 18:00 | Investigar | Gold Mining |
| 18:02 | Crear | Villager (Male) |
| 18:26 | Crear | Villager (Male) |
| 18:48 | Investigar | Scale Mail Armor |
| 19:41 | Construir | Market |
| 19:52 | Crear | Villager (Male) |
| 20:12 | Construir | Farm |
| 20:12 | Construir | Farm |
| 20:13 | Construir | Farm |
| 20:13 | Construir | Farm |
| 20:14 | Construir | Farm |
| 20:14 | Construir | Farm |
| 20:15 | Construir | Farm |
| 20:24 | Construir | Farm |
| 20:32 | Crear | Villager (Male) |
| 20:32 | Crear | Villager (Male) |
| 20:42 | Investigar | Forging |
| 21:29 | Crear | Villager (Male) |
| 21:29 | Crear | Villager (Male) |
| 21:50 | Investigar | Padded Archer Armor |
| 22:07 | Construir | Market |
| 22:20 | Investigar | Castle Age |
| 22:20 | Investigar | Castle Age |
| 22:29 | Investigar | Stone Mining |
| 22:45 | Construir | Mining Camp |
| 23:07 | Investigar | Fletching |
| 23:48 | Construir | Market |
| 24:03 | Crear | Trade Cart |
| 24:03 | Crear | Trade Cart |
| 24:04 | Crear | Trade Cart |
| 24:05 | Crear | Trade Cart |
| 24:23 | Investigar | Scale Barding Armor |
| 24:48 | Construir | Barracks |
| 24:50 | Construir | Barracks |
| 24:52 | Construir | Barracks |
| 25:04 | Crear | Villager (Male) |
| 25:04 | Crear | Villager (Male) |
| 25:06 | Investigar | Heavy Plow |
| 25:07 | Investigar | Bow Saw |
| 25:19 | Construir | Town Center |
| 25:26 | Investigar | Hand Cart |
| 25:34 | Crear | Fire Lancer |
| 25:34 | Crear | Fire Lancer |
| 25:34 | Crear | Fire Lancer |
| 25:35 | Crear | Fire Lancer |
| 25:46 | Crear | Trade Cart |
| 25:47 | Crear | Trade Cart |
| 25:49 | Crear | Trade Cart |
| 25:49 | Crear | Trade Cart |
| 26:08 | Investigar | Stone Shaft Mining |
| 26:24 | Construir | House |
| 26:24 | Construir | House |
| 26:25 | Construir | House |
| 26:27 | Construir | House |
| 26:28 | Construir | House |
| 27:09 | Crear | Villager (Male) |
| 27:09 | Crear | Villager (Male) |
| 27:09 | Crear | Villager (Male) |
| 27:23 | Construir | Mining Camp |
| 27:29 | Crear | Villager (Male) |
| 27:29 | Crear | Villager (Male) |
| 27:38 | Crear | Villager (Male) |
| 28:12 | Crear | Villager (Male) |
| 28:12 | Crear | Villager (Male) |
| 28:16 | Crear | Villager (Male) |
| 28:16 | Crear | Villager (Male) |
| 28:39 | Construir | Town Center |
| 29:00 | Crear | Villager (Male) |
| 29:05 | Construir | Monastery |
| 29:34 | Investigar | Squires |
| 30:00 | Investigar | Chain Mail Armor |
| 30:06 | Crear | Monk |
| 30:14 | Crear | Villager (Male) |
| 30:15 | Crear | Villager (Male) |
| 30:29 | Crear | Fire Lancer |
| 30:30 | Crear | Fire Lancer |
| 30:30 | Crear | Fire Lancer |
| 30:31 | Crear | Fire Lancer |
| 30:34 | Crear | Fire Lancer |
| 30:34 | Crear | Fire Lancer |
| 30:55 | Construir | Castle |
| 31:13 | Crear | Villager (Male) |
| 31:13 | Crear | Villager (Male) |
| 31:13 | Crear | Villager (Male) |
| 31:19 | Crear | Villager (Male) |
| 31:20 | Crear | Villager (Male) |
| 31:20 | Crear | Villager (Male) |
Build order — nor871
Primeras 150 de 482 acciones detectadas
| 0:02 | Crear | Villager (Male) |
| 0:02 | Crear | Villager (Male) |
| 0:05 | Construir | House |
| 0:09 | Construir | House |
| 0:18 | Crear | Villager (Male) |
| 0:18 | Crear | Villager (Male) |
| 0:18 | Crear | Villager (Male) |
| 1:20 | Construir | House |
| 2:01 | Construir | Lumber Camp |
| 2:02 | Crear | Villager (Male) |
| 2:03 | Crear | Villager (Male) |
| 2:11 | Crear | Villager (Male) |
| 2:11 | Crear | Villager (Male) |
| 2:31 | Crear | Villager (Male) |
| 2:32 | Crear | Villager (Male) |
| 3:13 | Crear | Villager (Male) |
| 3:13 | Crear | Villager (Male) |
| 3:13 | Crear | Villager (Male) |
| 3:40 | Crear | Villager (Male) |
| 3:41 | Crear | Villager (Male) |
| 4:25 | Crear | Villager (Male) |
| 4:27 | Crear | Villager (Male) |
| 4:29 | Crear | Villager (Male) |
| 4:30 | Crear | Villager (Male) |
| 5:02 | Construir | Mill |
| 5:19 | Crear | Villager (Male) |
| 5:19 | Crear | Villager (Male) |
| 5:19 | Crear | Villager (Male) |
| 5:30 | Crear | Villager (Male) |
| 5:30 | Crear | Villager (Male) |
| 5:31 | Crear | Villager (Male) |
| 5:31 | Crear | Villager (Male) |
| 5:31 | Crear | Villager (Male) |
| 5:56 | Crear | Villager (Male) |
| 5:56 | Crear | Villager (Male) |
| 6:07 | Investigar | Loom |
| 7:08 | Construir | Farm |
| 7:09 | Construir | Farm |
| 7:09 | Construir | Farm |
| 7:34 | Investigar | Feudal Age |
| 7:45 | Construir | Farm |
| 8:21 | Construir | House |
| 8:30 | Construir | House |
| 9:04 | Crear | Villager (Male) |
| 9:04 | Crear | Villager (Male) |
| 9:44 | Edad | Edad Feudal |
| 10:19 | Construir | Market |
| 10:23 | Crear | Villager (Male) |
| 11:06 | Crear | Villager (Male) |
| 11:39 | Construir | Blacksmith |
| 12:18 | Construir | Mining Camp |
| 12:45 | Investigar | Castle Age |
| 12:56 | Construir | Mining Camp |
| 13:26 | Investigar | Double-Bit Axe |
| 13:26 | Investigar | Double-Bit Axe |
| 13:39 | Investigar | Horse Collar |
| 13:40 | Investigar | Horse Collar |
| 14:09 | Investigar | Scale Mail Armor |
| 14:33 | Construir | Barracks |
| 14:57 | Crear | Villager (Male) |
| 14:57 | Crear | Villager (Male) |
| 15:25 | Edad | Edad de los Castillos |
| 15:30 | Crear | Villager (Male) |
| 15:38 | Crear | Eagle Scout |
| 15:47 | Construir | House |
| 16:06 | Investigar | Stone Mining |
| 16:15 | Investigar | Bow Saw |
| 16:25 | Construir | House |
| 16:32 | Construir | Farm |
| 16:57 | Crear | Eagle Scout |
| 17:11 | Crear | Villager (Male) |
| 17:26 | Crear | Eagle Scout |
| 17:31 | Crear | Villager (Male) |
| 18:00 | Crear | Villager (Male) |
| 18:16 | Construir | Farm |
| 18:16 | Construir | Farm |
| 18:17 | Construir | Farm |
| 18:18 | Construir | Farm |
| 18:22 | Crear | Villager (Male) |
| 18:45 | Construir | Town Center |
| 18:53 | Crear | Villager (Male) |
| 19:26 | Crear | Villager (Male) |
| 19:26 | Crear | Villager (Male) |
| 19:39 | Construir | Farm |
| 19:45 | Construir | Farm |
| 19:48 | Crear | Villager (Male) |
| 19:54 | Crear | Eagle Scout |
| 20:52 | Investigar | Wheelbarrow |
| 20:52 | Investigar | Wheelbarrow |
| 20:58 | Crear | Eagle Scout |
| 21:52 | Crear | Villager (Male) |
| 21:52 | Crear | Villager (Male) |
| 21:53 | Crear | Villager (Male) |
| 21:53 | Crear | Villager (Male) |
| 22:06 | Construir | Castle |
| 22:09 | Construir | Mining Camp |
| 22:32 | Crear | Villager (Male) |
| 22:32 | Crear | Villager (Male) |
| 22:33 | Crear | Villager (Male) |
| 22:36 | Construir | Farm |
| 22:37 | Construir | Farm |
| 22:38 | Construir | Farm |
| 22:39 | Construir | Farm |
| 22:40 | Construir | Farm |
| 22:51 | Investigar | Heavy Plow |
| 22:51 | Investigar | Heavy Plow |
| 23:04 | Crear | Eagle Scout |
| 23:23 | Construir | Lumber Camp |
| 23:31 | Crear | Villager (Male) |
| 23:32 | Crear | Villager (Male) |
| 24:04 | Investigar | Forging |
| 24:09 | Crear | Villager (Male) |
| 24:10 | Crear | Villager (Male) |
| 24:20 | Construir | House |
| 24:22 | Construir | House |
| 24:28 | Crear | Jaguar Warrior |
| 24:28 | Crear | Jaguar Warrior |
| 24:31 | Crear | Jaguar Warrior |
| 24:31 | Crear | Jaguar Warrior |
| 24:49 | Crear | Villager (Male) |
| 24:49 | Crear | Villager (Male) |
| 24:50 | Crear | Villager (Male) |
| 24:53 | Crear | Villager (Male) |
| 24:53 | Crear | Villager (Male) |
| 25:37 | Construir | House |
| 25:39 | Construir | House |
| 25:53 | Investigar | Gold Mining |
| 25:55 | Investigar | Stone Shaft Mining |
| 25:55 | Investigar | Stone Shaft Mining |
| 26:09 | Investigar | Hand Cart |
| 26:14 | Crear | Villager (Male) |
| 26:14 | Crear | Villager (Male) |
| 26:23 | Crear | Jaguar Warrior |
| 26:45 | Construir | Siege Workshop |
| 26:50 | Construir | House |
| 27:06 | Crear | Villager (Male) |
| 27:13 | Crear | Villager (Male) |
| 27:14 | Crear | Villager (Male) |
| 27:35 | Construir | Farm |
| 27:36 | Construir | Farm |
| 27:37 | Construir | Farm |
| 27:37 | Construir | Farm |
| 27:43 | Crear | Villager (Male) |
| 27:44 | Crear | Villager (Male) |
| 27:49 | Construir | House |
| 27:50 | Construir | House |
| 27:54 | Crear | Battering Ram |
| 27:54 | Crear | Battering Ram |
| 27:55 | Crear | Battering Ram |
| 27:59 | Investigar | Chain Mail Armor |
Build order — ValenBernal6407
Primeras 150 de 412 acciones detectadas
| 0:06 | Investigar | Loom |
| 0:59 | Crear | Villager (Male) |
| 1:35 | Crear | Villager (Male) |
| 2:09 | Crear | Villager (Male) |
| 2:30 | Crear | Villager (Male) |
| 2:43 | Construir | House |
| 2:47 | Construir | House |
| 2:54 | Construir | House |
| 2:59 | Crear | Villager (Male) |
| 2:59 | Crear | Villager (Male) |
| 3:18 | Crear | Villager (Male) |
| 3:30 | Crear | Villager (Male) |
| 3:31 | Crear | Villager (Male) |
| 3:31 | Crear | Villager (Male) |
| 4:06 | Crear | Villager (Male) |
| 4:14 | Construir | House |
| 4:19 | Construir | House |
| 4:23 | Construir | House |
| 4:36 | Crear | Villager (Male) |
| 4:36 | Crear | Villager (Male) |
| 5:17 | Crear | Villager (Male) |
| 5:18 | Crear | Villager (Male) |
| 5:18 | Crear | Villager (Male) |
| 5:18 | Crear | Villager (Male) |
| 6:25 | Crear | Villager (Male) |
| 6:55 | Construir | Lumber Camp |
| 7:25 | Crear | Villager (Male) |
| 7:25 | Crear | Villager (Male) |
| 7:25 | Crear | Villager (Male) |
| 7:26 | Crear | Villager (Male) |
| 7:26 | Crear | Villager (Male) |
| 7:26 | Crear | Villager (Male) |
| 7:27 | Crear | Villager (Male) |
| 7:27 | Crear | Villager (Male) |
| 7:44 | Construir | Mill |
| 8:01 | Construir | House |
| 8:06 | Construir | House |
| 9:28 | Construir | Mill |
| 10:11 | Construir | Farm |
| 10:24 | Construir | House |
| 10:28 | Construir | House |
| 10:34 | Construir | House |
| 10:46 | Construir | Farm |
| 10:53 | Crear | Villager (Male) |
| 11:36 | Investigar | Feudal Age |
| 11:52 | Construir | Farm |
| 11:56 | Construir | Farm |
| 12:00 | Construir | Farm |
| 12:06 | Construir | House |
| 12:09 | Construir | House |
| 12:13 | Construir | House |
| 12:16 | Construir | House |
| 12:48 | Crear | Villager (Male) |
| 12:48 | Crear | Villager (Male) |
| 12:49 | Crear | Villager (Male) |
| 12:49 | Crear | Villager (Male) |
| 13:55 | Construir | Stone Wall |
| 14:12 | Construir | Stone Wall |
| 14:19 | Construir | Gate |
| 14:46 | Construir | Stone Wall |
| 14:57 | Construir | Stone Wall |
| 15:17 | Construir | Mining Camp |
| 15:20 | Crear | Villager (Male) |
| 15:20 | Crear | Villager (Male) |
| 15:20 | Crear | Villager (Male) |
| 15:21 | Crear | Villager (Male) |
| 15:21 | Crear | Villager (Male) |
| 15:33 | Construir | Farm |
| 15:37 | Construir | Farm |
| 15:48 | Investigar | Gold Mining |
| 15:50 | Investigar | Double-Bit Axe |
| 15:57 | Construir | Market |
| 16:04 | Construir | Mining Camp |
| 16:12 | Investigar | Stone Mining |
| 16:20 | Construir | Farm |
| 16:26 | Construir | Farm |
| 17:40 | Construir | Blacksmith |
| 17:50 | Crear | Villager (Male) |
| 17:51 | Crear | Villager (Male) |
| 17:51 | Crear | Villager (Male) |
| 18:09 | Construir | Farm |
| 18:13 | Construir | Farm |
| 18:16 | Construir | Farm |
| 18:23 | Investigar | Horse Collar |
| 18:32 | Construir | Farm |
| 18:39 | Construir | House |
| 18:43 | Construir | House |
| 18:48 | Construir | House |
| 18:51 | Construir | House |
| 18:56 | Construir | House |
| 19:06 | Construir | Barracks |
| 19:12 | Construir | Barracks |
| 19:19 | Construir | Gate |
| 19:29 | Crear | Villager (Male) |
| 19:38 | Construir | Farm |
| 20:17 | Crear | Trade Cart |
| 20:17 | Crear | Trade Cart |
| 20:17 | Crear | Trade Cart |
| 20:18 | Crear | Trade Cart |
| 20:34 | Construir | Farm |
| 20:37 | Crear | Villager (Male) |
| 20:38 | Crear | Villager (Male) |
| 20:55 | Crear | Spearman |
| 20:55 | Crear | Spearman |
| 21:29 | Construir | House |
| 21:31 | Construir | House |
| 21:35 | Construir | House |
| 21:42 | Construir | Farm |
| 22:24 | Construir | Stable |
| 22:29 | Construir | Stable |
| 22:38 | Investigar | Castle Age |
| 22:51 | Crear | Trade Cart |
| 22:59 | Construir | House |
| 23:04 | Construir | House |
| 23:10 | Construir | House |
| 23:15 | Construir | House |
| 23:21 | Construir | House |
| 24:00 | Crear | Trade Cart |
| 24:06 | Crear | Trade Cart |
| 24:52 | Construir | Barracks |
| 25:01 | Crear | Villager (Male) |
| 25:01 | Crear | Villager (Male) |
| 25:02 | Crear | Villager (Male) |
| 25:02 | Crear | Villager (Male) |
| 25:02 | Crear | Villager (Male) |
| 25:02 | Crear | Villager (Male) |
| 25:03 | Crear | Villager (Male) |
| 25:10 | Crear | Villager (Male) |
| 25:10 | Crear | Villager (Male) |
| 25:45 | Construir | Castle |
| 26:18 | Construir | Town Center |
| 26:33 | Construir | Farm |
| 26:43 | Investigar | Caravan |
| 26:59 | Crear | Knight |
| 26:59 | Crear | Knight |
| 26:59 | Crear | Knight |
| 27:01 | Crear | Knight |
| 27:01 | Crear | Knight |
| 27:03 | Crear | Knight |
| 27:06 | Crear | Knight |
| 27:06 | Crear | Knight |
| 27:07 | Crear | Knight |
| 27:08 | Crear | Knight |
| 27:09 | Crear | Knight |
| 27:32 | Crear | Trade Cart |
| 27:33 | Crear | Trade Cart |
| 27:45 | Investigar | Bow Saw |
| 28:37 | Construir | Barracks |
| 28:42 | Construir | Barracks |
| 28:54 | Crear | Villager (Male) |
Cronología de la partida
| 9:44 | nor871 · age_up feudal |
| 10:40 | elpinkrabbit · age_up feudal |
| 11:59 | Drogosaurio289 · first_building Barracks |
| 12:38 | MatiasBernal758 · wall_segment Stone Wall x32 |
| 12:38 | nor871 · first_market_sell 100 food |
| 12:50 | MatiasBernal758 · wall_segment Stone Wall x8 |
| 13:01 | MatiasBernal758 · wall_segment Stone Wall x1 |
| 13:55 | ValenBernal6407 · wall_segment Stone Wall x15 |
| 14:12 | ValenBernal6407 · wall_segment Stone Wall x9 |
| 14:33 | nor871 · first_building Barracks |
| 14:38 | dhc2689 · age_up feudal |
| 14:46 | ValenBernal6407 · wall_segment Stone Wall x19 |
| 14:57 | ValenBernal6407 · wall_segment Stone Wall x8 |
| 15:25 | nor871 · age_up castle |
| 16:12 | nor871 · first_market_buy 100 food |
| 18:13 | dhc2689 · wall_segment Stone Wall x9 |
| 19:06 | ValenBernal6407 · first_building Barracks |
| 19:27 | MatiasBernal758 · first_building Barracks |
| 19:58 | dhc2689 · wall_segment Stone Wall x25 |
| 20:26 | elpinkrabbit · first_building Barracks |
| 20:26 | dhc2689 · first_building Barracks |
| 21:36 | dhc2689 · wall_segment Stone Wall x12 |
| 21:40 | dhc2689 · wall_segment Stone Wall x43 |
| 22:06 | nor871 · first_building Castle |
| 22:09 | MatiasBernal758 · first_building Castle |
| 22:24 | ValenBernal6407 · first_building Stable |
| 23:49 | dhc2689 · first_market_sell 100 wood |
| 23:50 | elpinkrabbit · age_up castle |
| 24:50 | dhc2689 · first_building Archery Range |
| 24:52 | dhc2689 · first_building Stable |
| 24:54 | dhc2689 · age_up castle |
| 25:45 | ValenBernal6407 · first_building Castle |
| 26:45 | nor871 · first_building Siege Workshop |
| 27:41 | dhc2689 · first_building Castle |
| 28:07 | MatiasBernal758 · first_building Siege Workshop |
| 28:38 | elpinkrabbit · first_building Castle |
| 29:05 | Drogosaurio289 · first_building Monastery |
| 29:41 | dhc2689 · first_building Siege Workshop |
| 30:55 | Drogosaurio289 · first_building Castle |
| 31:36 | Drogosaurio289 · first_building Stable |
| 33:50 | elpinkrabbit · age_up imperial |
| 33:52 | dhc2689 · wall_segment Stone Wall x46 |
| 35:02 | MatiasBernal758 · first_building Monastery |
| 36:50 | ValenBernal6407 · first_building Archery Range |
| 37:12 | elpinkrabbit · first_building Monastery |
| 37:47 | nor871 · age_up imperial |
| 38:22 | dhc2689 · age_up imperial |
| 38:56 | dhc2689 · first_building Monastery |
| 40:24 | Drogosaurio289 · first_market_buy 100 food |
| 44:26 | MatiasBernal758 · wall_segment Stone Wall x1 |
| 44:44 | MatiasBernal758 · first_building Archery Range |
| 46:46 | ValenBernal6407 · first_market_buy 100 wood |
| 47:59 | Drogosaurio289 · wall_segment Stone Wall x3 |
| 48:38 | MatiasBernal758 · first_market_sell 100 stone |
| 49:00 | Drogosaurio289 · wall_segment Stone Wall x4 |
| 50:16 | ValenBernal6407 · resign |
| 50:19 | Drogosaurio289 · wall_segment Palisade Wall x18 |
| 59:29 | Drogosaurio289 · first_building Archery Range |
| 67:11 | Drogosaurio289 · first_market_sell 100 wood |
[ ANÁLISIS IA · 1 CRÉDITO ]
¿Qué pasó realmente en esta partida?
Wolo.gg analiza cada decisión: build order, eco, micro, errores típicos por bracket. Análisis personalizado por WhatsApp o Discord en 30 segundos.
Guía civ
Chinos
Perfil
Jugador #930101